AoeStats
← Runxi24

Arena

506071353Analyzed
4v4 RM · 20d ago on Sep 12, 2026· 42m 49s· 8 players
Game mode
Random Map
Map size
Large (8 player)
Population
200
Speed
Normal
Resources
Standard
Victory
Conquest
Starting age
Dark Age
Ending age
Imperial Age
RankedLock teamsTeams togetherTeam positionsShared explorationLock speedFull tech treeHidden civsTurbo modeCheats
Victory
Defeat
🇦🇺 Japanese · Australia
1390
+12
🇨🇳 Poles · China
1300
+16
🇨🇳 Spanish · China
1291
+16
🇨🇱 Persians · Chile
1248
+19
🇲🇽 Georgians · Mexico
1325
-17
🇻🇳 Burgundians · Vietnam
1305
-16
🇪🇸 Poles · Spain
1301
-16
🇫🇮 Mongols · Finland
1256
-14
mairlarabe
10:54 Feudal Age
14:46 Castle Age
13:17 Double-Bit Axe
16:17 Loom
16:51 Loom
17:52 Bow Saw
22:04 Fortified Wall
22:08 Stone Mining
23:27 Murder Holes
23:25 Guard Tower
24:50 Fletching
24:44 Treadmill Crane
25:18 Masonry
26:11 Wheelbarrow
25:33 Gold Mining
28:03 Hand Cart
28:32 Bodkin Arrow
32:54 Imperial Age
31:20 Ballistics
30:56 Murder Holes
31:47 Svan Towers
32:30 Scale Barding Armor
32:36 Forging
33:46 Bracer
34:24 Keep
33:35 Arrowslits
34:22 Architecture
34:09 Padded Archer Armor
34:07 Elite Skirmisher
38:01 Chemistry
37:37 Capped Ram
38:45 Bloodlines
38:36 Husbandry
37:56 Light Cavalry
39:02 Siege Ram
Runxi24
10:47 Feudal Age
14:57 Castle Age
13:08 Double-Bit Axe
15:38 Horse Collar
16:53 Bow Saw
18:24 Forging
20:49 Wheelbarrow
21:50 Stone Mining
22:26 Scale Barding Armor
24:06 Bloodlines
26:14 Szlachta Privileges
26:10 Loom
26:42 Hand Cart
26:54 Gold Mining
27:33 Forging
27:54 Husbandry
30:04 Chain Barding Armor
31:36 Fletching
32:20 Heavy Plow
34:17 Town Watch
38:35 Imperial Age
39:39 Cavalier
Jusa
11:06 Feudal Age
15:24 Castle Age
13:30 Double-Bit Axe
14:27 Gold Mining
16:18 Horse Collar
18:08 Wheelbarrow
17:18 Loom
21:58 Fletching
25:39 Bodkin Arrow
26:44 Stone Mining
27:30 Gold Shaft Mining
27:04 Heavy Plow
27:57 Padded Archer Armor
33:21 Imperial Age
31:10 Bow Saw
30:47 Town Watch
31:58 Leather Archer Armor
32:40 Gold Shaft Mining
32:40 Stone Shaft Mining
31:37 Elite Skirmisher
33:09 Ballistics
33:00 Masonry
33:28 Capped Ram
35:19 Bracer
35:42 Conscription
36:16 Atonement
36:27 Fervor
36:19 Devotion
37:46 Scale Barding Armor
37:52 Forging
40:13 Heavy Camel Rider
40:53 Husbandry
41:03 Bloodlines
41:16 Chain Barding Armor
41:32 Iron Casting
gianghodd01
11:10 Feudal Age
9:42 Double-Bit Axe
9:42 Horse Collar
17:01 Castle Age
15:24 Bow Saw
15:31 Heavy Plow
16:56 Wheelbarrow
19:06 Two-Man Saw
19:13 Hand Cart
20:07 Stone Mining
20:10 Gold Mining
21:48 Treadmill Crane
26:43 Loom
30:49 Imperial Age
28:08 Town Watch
28:56 Crop Rotation
28:42 Fletching
29:10 Padded Archer Armor
29:19 Scale Barding Armor
28:49 Pikeman
29:29 Squires
29:51 Burgundian Vineyards
30:47 Scale Mail Armor
31:53 Conscription
30:57 Halberdier
32:20 Forging
32:58 Chain Mail Armor
35:34 Gold Shaft Mining
35:36 Stone Shaft Mining
37:30 Ballistics
37:21 Masonry
38:15 Chemistry
Don Wea
9:51 Feudal Age
9:44 Loom
14:14 Castle Age
12:49 Double-Bit Axe
15:05 Bow Saw
21:44 Horse Collar
22:36 Heavy Plow
22:34 Gold Mining
22:34 Stone Mining
24:51 Wheelbarrow
24:46 Stone Mining
25:32 Gold Shaft Mining
26:16 Stone Shaft Mining
28:28 Imperial Age
26:34 Wheelbarrow
26:13 Forging
26:09 Scale Barding Armor
26:41 Scale Barding Armor
27:28 Hand Cart
27:18 Devotion
27:55 Iron Casting
28:39 Chain Barding Armor
29:58 Blast Furnace
29:00 Husbandry
29:10 Bloodlines
29:32 Crop Rotation
30:09 Two-Man Saw
30:07 Faith
30:45 Plate Barding Armor
30:13 Elite War Elephant
32:01 Conscription
35:02 Chemistry
Matt Cash
10:58 Feudal Age
12:29 Double-Bit Axe
12:26 Horse Collar
15:18 Castle Age
13:33 Double-Bit Axe
14:01 Horse Collar
16:19 Wheelbarrow
24:04 Bow Saw
24:09 Heavy Plow
24:44 Hand Cart
25:02 Gold Mining
25:08 Stone Mining
25:43 Loom
30:02 Imperial Age
27:17 Town Watch
27:10 Pikeman
27:59 Scale Mail Armor
28:20 Gambesons
28:36 Squires
28:21 Arson
28:29 Fletching
28:39 Padded Archer Armor
28:50 Forging
28:56 Chain Mail Armor
29:49 Bodkin Arrow
30:10 Leather Archer Armor
30:48 Bracer
30:12 Halberdier
31:30 Iron Casting
32:05 Chemistry
31:26 Ballistics
31:18 Masonry
32:05 Conscription
32:20 Plate Mail Armor
31:32 Treadmill Crane
32:00 Guard Tower
32:15 Arrowslits
33:51 Blast Furnace
33:29 Yasama
33:55 Treadmill Crane
36:02 Keep
35:35 Siege Engineers
40:04 Kataparuto
40:57 Elite Samurai
theron
9:54 Feudal Age
13:54 Castle Age
12:17 Double-Bit Axe
12:44 Horse Collar
15:08 Bow Saw
23:03 Szlachta Privileges
24:12 Wheelbarrow
23:24 Loom
24:23 Bloodlines
26:08 Scale Barding Armor
27:43 Chain Barding Armor
27:38 Heavy Plow
27:28 Gold Mining
29:05 Forging
31:15 Iron Casting
32:12 Hand Cart
32:55 Stone Mining
36:20 Imperial Age
34:31 Husbandry
35:23 Town Watch
38:08 Blast Furnace
36:30 Cavalier
39:02 Conscription
38:53 Fletching
39:04 Padded Archer Armor
JieX
10:20 Feudal Age
11:47 Loom
14:38 Castle Age
13:37 Double-Bit Axe
14:18 Horse Collar
24:50 Bow Saw
26:27 Wheelbarrow
26:10 Heavy Plow
30:03 Padded Archer Armor
31:24 Leather Archer Armor
36:36 Imperial Age
34:21 Hand Cart
33:52 Town Watch
36:12 Stone Mining
36:59 Gold Mining
37:03 Elite Conquistador
38:04 Conscription
38:42 Stone Shaft Mining
40:10 Ring Archer Armor
39:30 Fletching
41:20 Bodkin Arrow
41:30 Husbandry
41:40 Bloodlines
Connection lost

Rejoining the realm…

Still unreachable

The connection could not be restored.

Session expired

The server has moved on; the page needs a fresh start.